ORI
UNIVERSITY OF SOUTHERN CALIFORNIA TROJANS @ UNIVERSITY OF CONNETICUT HUSKIES
07/21/2046
 
TOP OF THE 1ST
University of Maine Black Bears batting - Pitching for California State University at Fullerton Titans : RHP Jim Unknown
Pitching: RHP Jim Unknown
Batting: LHB Jim Unknown 0-0: Ball
1-0: Foul Ball, location: 2F
1-1: Ball
2-1: Foul Ball, location: 2F
2-2: SINGLE (Groundball, 34S, EV 63.8 MPH) (infield hit)
Batting: RHB Jim Unknown 0-0: Ball
1-0: Ball
2-0: Foul Ball, location: 2F
2-1: Ball
3-1: Base on Balls
Jim Unknown to second
Batting: RHB Jim Unknown 0-0: Called Strike
0-1: Ball
1-1: Foul Ball, location: 2F
1-2: Foul Ball, location: 2F
1-2: DOUBLE (Groundball, 5L, EV 106.9 MPH)
Jim Unknown scores
Jim Unknown to third
Batting: RHB Jim Unknown 0-0: Foul Ball, location: 2F
0-1: Ball
1-1: Called Strike
1-2: SINGLE (Groundball, 6D, EV 105.6 MPH)
Jim Unknown scores
Jim Unknown to third
Batting: LHB Jim Unknown 0-0: Ball
1-0: Called Strike
1-1: Ball
2-1: Ball
Wild Pitch!
Jim Unknown scores
Jim Unknown to second
3-1: Foul Ball, location: 2F
3-2: SINGLE (Flyball, 6D, EV 87.5 MPH)
Jim Unknown to third
Batting: LHB Jim Unknown 0-0: Ball
1-0: Ball
2-0: SINGLE (Groundball, 6M, EV 100.0 MPH) (infield hit)
Jim Unknown scores
Jim Unknown to second
Batting: RHB Jim Unknown 0-0: Ball
Jim Unknown is caught stealing 3rd base 2-5
1-0: Foul Ball, location: 2F
1-1: Ball
2-1: Called Strike
2-2: Foul Ball, location: 2F
2-2: Strikes out swinging
Batting: LHB Jim Unknown 0-0: Ball
Jim Unknown steals 2nd base
1-0: Ball
2-0: Reached on error, E6 (Groundball, 6, EV 85.0 MPH)
Jim Unknown to third
Batting: RHB Jim Unknown 0-0: Foul Ball, location: 2F
0-1: Called Strike
0-2: Strikes out looking
Top of the 1st over - 4 runs, 5 hits, 1 error, 2 left on base; University of Maine 4 - California State University at Fullerton 0
BOTTOM OF THE 1ST
California State University at Fullerton Titans batting - Pitching for University of Maine Black Bears : RHP Jim Unknown
Pitching: RHP Jim Unknown
Batting: RHB Jim Unknown 0-0: Called Strike
0-1: Called Strike
0-2: Ball
1-2: Strikes out swinging
Batting: RHB Jim Unknown 0-0: Called Strike
0-1: Ball
1-1: Called Strike
1-2: Ball
2-2: Foul Ball, location: 2F
2-2: Ball
3-2: Fly out, F8 (Line Drive, 8RD, EV 105.6 MPH)
Batting: RHB Jim Unknown 0-0: Ball
1-0: Ball
2-0: Called Strike
2-1: Ball
3-1: Called Strike
3-2: Base on Balls
Batting: SHB Jim Unknown 0-0: Ball
Pickoff Throw to First - Out! 1-3
Bottom of the 1st over - 0 runs, 0 hits, 0 errors, 0 left on base; University of Maine 4 - California State University at Fullerton 0
TOP OF THE 2ND
University of Maine Black Bears batting - Pitching for California State University at Fullerton Titans : RHP Jim Unknown
Batting: LHB Jim Unknown 0-0: Ball
1-0: TRIPLE (Flyball, 9LD, EV 108.8 MPH)
Batting: RHB Jim Unknown 0-0: Ball
1-0: Foul Ball, location: 2F
1-1: Ball
2-1: Foul Ball, location: 2F
2-2: Ball
3-2: Ground out 3-1 (Groundball, 34, EV 82.5 MPH)
Jim Unknown scores
Batting: RHB Jim Unknown 0-0: Ball
1-0: Foul Ball, location: 2F
1-1: Foul Ball, location: 2F
1-2: Foul Ball, location: 2F
1-2: Foul Ball, location: 2F
1-2: Foul Ball, location: 2F
1-2: Ball
2-2: Foul Ball, location: 2F
2-2: Ball
3-2: Reached on error, E4 (Groundball, 4M, EV 106.2 MPH)
Pitching: RHP Jim Unknown
Batting: RHB Jim Unknown 0-0: Called Strike
0-1: Foul Ball, location: 2F
0-2: Foul Ball, location: 2F
0-2: Ball
1-2: Fielders Choice at 2nd, 1-4 (Groundball, 15S, EV 65.0 MPH)
Batting: LHB Jim Unknown 0-0: Called Strike
0-1: Swinging Strike
0-2: Ball
1-2: Strikes out swinging
Top of the 2nd over - 1 run, 1 hit, 1 error, 1 left on base; University of Maine 5 - California State University at Fullerton 0
BOTTOM OF THE 2ND
California State University at Fullerton Titans batting - Pitching for University of Maine Black Bears : RHP Jim Unknown
Batting: SHB Jim Unknown 0-0: Called Strike
0-1: Swinging Strike
0-2: Foul Ball, location: 2F
0-2: Ball
1-2: Foul Ball, location: 2F
1-2: Ball
2-2: Foul Ball, location: 2F
2-2: Ball
3-2: Base on Balls
Batting: RHB Jim Unknown 0-0: Called Strike
0-1: Swinging Strike
0-2: Strikes out swinging
Batting: RHB Jim Unknown 0-0: Ball
1-0: Called Strike
1-1: Called Strike
1-2: Ball
2-2: Ball
3-2: Foul Ball, location: 2F
3-2: Ground out 5-3 (Groundball, 56, EV 76.2 MPH)
Jim Unknown to second
Batting: RHB Jim Unknown 0-0: Ball
1-0: Called Strike
1-1: Foul Ball, location: 2F
1-2: Foul Ball, location: 2F
1-2: Foul Ball, location: 2F
1-2: Fly out, F8 (Flyball, 8RM, EV 95.0 MPH)
Bottom of the 2nd over - 0 runs, 0 hits, 0 errors, 1 left on base; University of Maine 5 - California State University at Fullerton 0
TOP OF THE 3RD
University of Maine Black Bears batting - Pitching for California State University at Fullerton Titans : RHP Jim Unknown
Batting: LHB Jim Unknown 0-0: Ball
1-0: Ball
2-0: Ball
3-0: Called Strike
3-1: Foul Ball, location: 2F
3-2: Ground out 5-3 (Groundball, 5, EV 106.2 MPH)
Batting: RHB Jim Unknown 0-0: Ball
1-0: Called Strike
1-1: Foul Ball, location: 2F
1-2: Foul Ball, location: 2F
1-2: Ground out U3 (Groundball, 3, EV 89.4 MPH)
Batting: LHB Jim Unknown 0-0: Ball
1-0: Called Strike
1-1: Called Strike
1-2: Reached on error, E8 (Flyball, 89XD, EV 89.4 MPH)
Batting: RHB Jim Unknown 0-0: Ground out 4-3 (Groundball, 4, EV 82.5 MPH)
Top of the 3rd over - 0 runs, 0 hits, 1 error, 1 left on base; University of Maine 5 - California State University at Fullerton 0
BOTTOM OF THE 3RD
California State University at Fullerton Titans batting - Pitching for University of Maine Black Bears : RHP Jim Unknown
Batting: SHB Jim Unknown 0-0: Called Strike
0-1: Swinging Strike
0-2: Strikes out swinging
Batting: RHB Jim Unknown 0-0: Ground out 6-3 (Groundball, 6, EV 109.4 MPH)
Batting: RHB Jim Unknown 0-0: Called Strike
0-1: Ball
1-1: Swinging Strike
1-2: Ball
2-2: Ground out 4-3 (Groundball, 4, EV 89.4 MPH)
Bottom of the 3rd over - 0 runs, 0 hits, 0 errors, 0 left on base; University of Maine 5 - California State University at Fullerton 0
TOP OF THE 4TH
University of Maine Black Bears batting - Pitching for California State University at Fullerton Titans : RHP Jim Unknown
Batting: LHB Jim Unknown 0-0: Called Strike
0-1: Called Strike
0-2: Ball
1-2: Ball
2-2: Ball
3-2: Foul Ball, location: 2F
3-2: SINGLE (Flyball, 4D, EV 86.2 MPH)
Batting: RHB Jim Unknown 0-0: Called Strike
Jim Unknown steals 2nd base
0-1: Ball
Wild Pitch!
Jim Unknown to third
1-1: Ball
Wild Pitch!
Jim Unknown scores
2-1: Ball
3-1: Foul Ball, location: 2F
3-2: Base on Balls
Batting: RHB Jim Unknown 0-0: Called Strike
Jim Unknown is caught stealing 2nd base 2-4
0-1: Foul Ball, location: 2F
0-2: Fly out, F6 (Flyball, 56D, EV 90.0 MPH)
Batting: RHB Jim Unknown 0-0: Called Strike
0-1: Called Strike
0-2: Ball
1-2: Ball
2-2: Ground out 1-3 (Groundball, 15S, EV 63.8 MPH)
Top of the 4th over - 1 run, 1 hit, 0 errors, 0 left on base; University of Maine 6 - California State University at Fullerton 0
BOTTOM OF THE 4TH
California State University at Fullerton Titans batting - Pitching for University of Maine Black Bears : RHP Jim Unknown
Batting: RHB Jim Unknown 0-0: Called Strike
0-1: Swinging Strike
0-2: Strikes out swinging
Batting: RHB Jim Unknown 0-0: Fly out, F5 (Line Drive, 5, EV 68.8 MPH)
Batting: SHB Jim Unknown 0-0: Called Strike
0-1: Called Strike
0-2: Ball
1-2: Strikes out looking
Bottom of the 4th over - 0 runs, 0 hits, 0 errors, 0 left on base; University of Maine 6 - California State University at Fullerton 0
TOP OF THE 5TH
University of Maine Black Bears batting - Pitching for California State University at Fullerton Titans : RHP Jim Unknown
Batting: LHB Jim Unknown 0-0: Called Strike
0-1: Foul Ball, location: 2F
0-2: Strikes out looking
Batting: LHB Jim Unknown 0-0: Called Strike
0-1: Foul Ball, location: 2F
0-2: Strikes out looking
Batting: RHB Jim Unknown 0-0: Swinging Strike
0-1: Foul Ball, location: 2F
0-2: Ball
1-2: Ball
2-2: Ball
3-2: Strikes out swinging
Top of the 5th over - 0 runs, 0 hits, 0 errors, 0 left on base; University of Maine 6 - California State University at Fullerton 0
BOTTOM OF THE 5TH
California State University at Fullerton Titans batting - Pitching for University of Maine Black Bears : RHP Jim Unknown
Pitching: RHP Jim Unknown
Batting: RHB Jim Unknown 0-0: Ball
1-0: Ball
2-0: Foul Ball, location: 2F
2-1: Ball
3-1: Called Strike
3-2: Ground out 1-3 (Groundball, 13, EV 63.1 MPH)
Batting: RHB Jim Unknown 0-0: Swinging Strike
0-1: Ball
1-1: Foul Ball, location: 2F
1-2: Ball
2-2: Foul Ball, location: 2F
2-2: Ball
3-2: Foul Ball, location: 2F
3-2: Foul Ball, location: 2F
3-2: Foul Ball, location: 2F
3-2: Foul Ball, location: 2F
3-2: Foul Ball, location: 2F
3-2: Ground out 6-3 (Groundball, 6, EV 101.9 MPH)
Batting: RHB Jim Unknown 0-0: Foul Ball, location: 2F
0-1: Swinging Strike
0-2: Ball
1-2: Foul Ball, location: 2F
1-2: Foul Ball, location: 2F
1-2: Ball
2-2: Ball
3-2: Foul Ball, location: 2F
3-2: Ground out 6-3 (Groundball, 56, EV 83.1 MPH)
Bottom of the 5th over - 0 runs, 0 hits, 0 errors, 0 left on base; University of Maine 6 - California State University at Fullerton 0
TOP OF THE 6TH
University of Maine Black Bears batting - Pitching for California State University at Fullerton Titans : RHP Jim Unknown
Batting: LHB Jim Unknown 0-0: Called Strike
0-1: Fly out, F3 (Flyball, 3D, EV 91.2 MPH)
Batting: RHB Jim Unknown 0-0: Ball
1-0: Foul Ball, location: 2F
1-1: Ground out 6-3 (Groundball, 6S, EV 71.2 MPH)
Batting: LHB Jim Unknown 0-0: Foul Ball, location: 2F
0-1: Foul Ball, location: 2F
0-2: Ball
1-2: Ball
2-2: Foul Ball, location: 2F
2-2: Fly out, F7 (Flyball, 7S, EV 82.5 MPH)
Top of the 6th over - 0 runs, 0 hits, 0 errors, 0 left on base; University of Maine 6 - California State University at Fullerton 0
BOTTOM OF THE 6TH
California State University at Fullerton Titans batting - Pitching for University of Maine Black Bears : RHP Jim Unknown
Batting: SHB Jim Unknown 0-0: Ball
1-0: Called Strike
1-1: Ball
2-1: Swinging Strike
2-2: Strikes out swinging
Pitching: LHP Jim Unknown
Batting: RHB Jim Unknown 0-0: Called Strike
0-1: Ball
1-1: Swinging Strike
1-2: Ball
2-2: Ball
3-2: Strikes out swinging
Batting: RHB Jim Unknown 0-0: Called Strike
0-1: Swinging Strike
0-2: Ball
1-2: Foul Ball, location: 2F
1-2: Strikes out swinging
Bottom of the 6th over - 0 runs, 0 hits, 0 errors, 0 left on base; University of Maine 6 - California State University at Fullerton 0
TOP OF THE 7TH
University of Maine Black Bears batting - Pitching for California State University at Fullerton Titans : RHP Jim Unknown
Pitching: LHP Jim Unknown
Batting: RHB Jim Unknown 0-0: Ball
1-0: Foul Ball, location: 2F
1-1: Foul Ball, location: 2F
1-2: Fly out, F1 (Line Drive, P, EV 73.8 MPH)
Batting: RHB Jim Unknown 0-0: Ball
1-0: Reached on error, E3 (Groundball, 3S, EV 83.8 MPH)
Batting: RHB Jim Unknown 0-0: Called Strike
0-1: Ball
1-1: Fly out, F8 (Flyball, 8LD, EV 85.0 MPH)
Batting: LHB Jim Unknown 0-0: Called Strike
0-1: Called Strike
0-2: Ball
1-2: Foul Ball, location: 2F
1-2: Foul Ball, location: 2F
1-2: Ball
2-2: Ball
3-2: SINGLE (Groundball, 25, EV 63.1 MPH) (infield hit)
Jim Unknown to second
Batting: LHB Jim Unknown 0-0: Foul Ball, location: 2F
0-1: Foul Ball, location: 2F
0-2: Ball
1-2: Fly out, F8 (Flyball, 78D, EV 97.5 MPH)
Top of the 7th over - 0 runs, 1 hit, 1 error, 2 left on base; University of Maine 6 - California State University at Fullerton 0
BOTTOM OF THE 7TH
California State University at Fullerton Titans batting - Pitching for University of Maine Black Bears : LHP Jim Unknown
Batting: RHB Jim Unknown 0-0: Foul Ball, location: 2F
0-1: Called Strike
0-2: Fly out, F9 (Line Drive, 9, EV 95.6 MPH)
Batting: RHB Jim Unknown 0-0: Called Strike
0-1: Ball
1-1: Ball
2-1: Foul Ball, location: 2F
2-2: SINGLE (Groundball, 6MD, EV 103.8 MPH)
Batting: SHB Jim Unknown 0-0: Foul Ball, location: 2F
0-1: Ball
1-1: Foul Ball, location: 2F
1-2: Foul Ball, location: 2F
1-2: Foul Ball, location: 2F
1-2: Ball
2-2: Foul Ball, location: 2F
2-2: Ball
3-2: Foul Ball, location: 2F
3-2: SINGLE (Groundball, 4MD, EV 98.1 MPH)
Jim Unknown to second
Batting: RHB Jim Unknown 0-0: Ball
1-0: Ball
2-0: Grounds into double play, 6-4-3 (Groundball, 6, EV 105.6 MPH)
Bottom of the 7th over - 0 runs, 2 hits, 0 errors, 1 left on base; University of Maine 6 - California State University at Fullerton 0
TOP OF THE 8TH
University of Maine Black Bears batting - Pitching for California State University at Fullerton Titans : LHP Jim Unknown
Batting: RHB Jim Unknown 0-0: Ball
1-0: Called Strike
1-1: Ball
2-1: Swinging Strike
2-2: Ball
3-2: Ground out 6-3 (Groundball, 6, EV 89.4 MPH)
Batting: LHB Jim Unknown 0-0: Reached on error, E5 (Groundball, 56, EV 78.8 MPH)
Batting: RHB Jim Unknown 0-0: Called Strike
0-1: Ball
Wild Pitch!
Jim Unknown to second
1-1: Swinging Strike
1-2: Ball
2-2: Ball
3-2: Strikes out swinging
Batting: LHB Jim Unknown 0-0: Ball
1-0: Foul Ball, location: 2F
1-1: Foul Ball, location: 2F
1-2: Ball
2-2: Ground out 4-3 (Groundball, 4, EV 84.4 MPH)
Top of the 8th over - 0 runs, 0 hits, 1 error, 1 left on base; University of Maine 6 - California State University at Fullerton 0
BOTTOM OF THE 8TH
California State University at Fullerton Titans batting - Pitching for University of Maine Black Bears : LHP Jim Unknown
Batting: RHB Jim Unknown 0-0: Ball
1-0: Called Strike
1-1: Foul Ball, location: 2F
1-2: Ground out 5-3 (Groundball, 56, EV 85.0 MPH)
Batting: RHB Jim Unknown 0-0: Called Strike
0-1: Foul Ball, location: 2F
0-2: Ball
1-2: SINGLE (Flyball, 89S, EV 86.2 MPH)
Pitching: RHP Jim Unknown
Batting: SHB Jim Unknown 0-0: Foul Ball, location: 2F
0-1: Called Strike
0-2: Ball
1-2: SINGLE (Groundball, 56D, EV 102.5 MPH)
Jim Unknown to second
Batting: RHB Jim Unknown 0-0: Ball
1-0: Ball
2-0: Foul Ball, location: 2F
2-1: Ball
3-1: Called Strike
3-2: Strikes out swinging
Batting: RHB Jim Unknown 0-0: Called Strike
0-1: Ball
1-1: Swinging Strike
1-2: Strikes out swinging
Bottom of the 8th over - 0 runs, 2 hits, 0 errors, 2 left on base; University of Maine 6 - California State University at Fullerton 0
TOP OF THE 9TH
University of Maine Black Bears batting - Pitching for California State University at Fullerton Titans : LHP Jim Unknown
Batting: RHB Jim Unknown 0-0: Called Strike
0-1: Foul Ball, location: 2F
0-2: Ball
1-2: Foul Ball, location: 2F
1-2: Foul Ball, location: 2F
1-2: Ball
2-2: Ball
3-2: Reached on error, E7 (Flyball, 7LM, EV 88.8 MPH)
Batting: RHB Jim Unknown 0-0: Ball
1-0: Swinging Strike
1-1: Swinging Strike
1-2: Fly out, F7 (Flyball, 78D, EV 110.6 MPH)
Pitching: LHP Jim Unknown
Batting: RHB Jim Unknown 0-0: Foul Ball, location: 2F
0-1: Ball
1-1: Swinging Strike
1-2: Ball
2-2: Ball
3-2: Strikes out looking
Batting: LHB Jim Unknown 0-0: Ball
1-0: Ball
2-0: Ball
3-0: Called Strike
3-1: Foul Ball, location: 2F
3-2: Fly out, F7 (Flyball, 7S, EV 95.6 MPH)
Top of the 9th over - 0 runs, 0 hits, 1 error, 1 left on base; University of Maine 6 - California State University at Fullerton 0
BOTTOM OF THE 9TH
California State University at Fullerton Titans batting - Pitching for University of Maine Black Bears : RHP Jim Unknown
Batting: RHB Jim Unknown 0-0: Ball
1-0: Ball
2-0: Ball
3-0: Called Strike
3-1: Called Strike
3-2: Base on Balls
Batting: RHB Jim Unknown 0-0: Foul Ball, location: 2F
0-1: Ball
1-1: Foul Ball, location: 2F
1-2: Foul Ball, location: 2F
1-2: SINGLE (Flyball, 8LS, EV 86.2 MPH)
Jim Unknown to second
Batting: SHB Jim Unknown 0-0: Called Strike
0-1: Ball
1-1: Ball
2-1: Foul Ball, location: 2F
2-2: SINGLE (Groundball, 56S, EV 66.2 MPH) (infield hit)
Jim Unknown to third
Jim Unknown to second
Batting: RHB Jim Unknown 0-0: Called Strike
0-1: Ball
1-1: Foul Ball, location: 2F
1-2: Foul Ball, location: 2F
1-2: Ball
2-2: Strikes out swinging
Batting: RHB Jim Unknown 0-0: Ball
1-0: Foul Ball, location: 2F
1-1: Foul Ball, location: 2F
1-2: Ball
2-2: Ball
3-2: Fielders Choice at 2nd, 5-4 (Groundball, 56S, EV 88.1 MPH)
Jim Unknown scores
Jim Unknown to third
Pitching: RHP Jim Unknown
Batting: RHB Jim Unknown 0-0: Ball
1-0: Ball
2-0: Foul Ball, location: 2F
2-1: Swinging Strike
2-2: Ball
3-2: DOUBLE (Line Drive, 8LXD, EV 106.9 MPH)
Jim Unknown scores
Jim Unknown to third
Jim Unknown scores
Batting: SHB Jim Unknown 0-0: Called Strike
0-1: Foul Ball, location: 2F
0-2: Fly out, F8 (Flyball, 8RD, EV 91.2 MPH)
Bottom of the 9th over - 3 runs, 3 hits, 0 errors, 1 left on base; University of Maine 6 - California State University at Fullerton 3
Tuesday, September 13th , 2022 - OOTP Baseball 23.7 Build 88